 Dungeon Crawl Stone Soup version 0.19.3-1-g3169bf9 (webtiles) character file.

2769 Naow the Severer (level 9, -8/105 HPs)
             Began as a Minotaur Berserker on Jan 23, 2017.
             Was an Elder of Trog.
             Mangled by a hill giant
             ... wielding a +0 giant club
              (21 damage)
             ... on level 8 of the Dungeon.
             The game lasted 00:08:06 (6681 turns).

Naow the Severer (Minotaur Berserker)               Turns: 6681, Time: 00:08:07

Health: -8/105     AC: 10    Str: 30    XL:     9   Next: 42%
Magic:  0/0        EV:  8    Int:  4    God:    Trog [****..]
Gold:   335        SH:  2    Dex: 10    Spells: 0 memorised, 8 levels left

rFire  . . .     SeeInvis +     a - +0 hand axe
rCold  . . .     Gourm    .     q - +0 plate armour (curse)
rNeg   . . .     Faith    .     (no shield)
rPois  .         Spirit   .     (helmet restricted)
rElec  +         Reflect  +     F - +0 cloak "Tiepofa" {rElec Regen+ MP-9 SInv}
rCorr  .         Harm     .     (no gloves)
MR     .....                    y - +1 pair of boots
Stlth  ..........               h - +2 amulet of reflection (curse)
                                (no ring)
                                J - ring of stealth

@: berserking, corroded, very quick
A: retaliatory headbutt, horns 2
a: Berserk, Trog's Hand, Brothers in Arms, Burn Spellbooks, Renounce Religion


You were on level 8 of the Dungeon.
You worshipped Trog.
Trog was greatly pleased with you.
You were very hungry.

You visited 1 branch of the dungeon, and saw 8 of its levels.
You also visited: Sewer.

You collected 335 gold pieces.

Inventory:

Hand Weapons
 a - a +0 hand axe (weapon)
Armour
 b - a +0 animal skin
 k - a +0 buckler
 q - a cursed +0 plate armour (worn)
 y - a +1 pair of boots (worn)
 C - a +0 cloak
 E - the +2 cloak "Elocs" {rElec Str+3 Int+3}
   (You found it on level 6 of the Dungeon)

   It affects your strength (+3).
   It affects your intelligence (+3).
   It insulates you from electricity.
 F - the +0 cloak "Tiepofa" (worn) {rElec Regen+ MP-9 SInv}
   (You found it on level 6 of the Dungeon)

   It insulates you from electricity.
   It affects your magic capacity (-9).
   It lets you see invisible.
   It increases your rate of regeneration.
Jewellery
 h - a cursed +2 amulet of reflection (around neck)
 A - a cursed amulet of inaccuracy {unknown}
 J - a ring of stealth (left hand)
Wands
 G - a wand of confusion (33/48)
 H - a wand of slowing (28/48)
Scrolls
 d - a scroll of random uselessness {unknown}
 e - 8 scrolls of identify {unknown}
 i - 3 scrolls of teleportation {unknown}
 j - 7 scrolls of remove curse {unknown}
 m - a scroll of blinking {unknown}
 n - a scroll of fear {unknown}
 o - 2 scrolls of fog {unknown}
 p - a scroll of recharging {unknown}
 s - a scroll of noise {unknown}
 t - 2 scrolls of amnesia {unknown}
 x - a scroll of enchant weapon {unknown}
 I - 2 scrolls of magic mapping {unknown}
Potions
 f - 4 potions of curing {unknown}
 g - 2 potions of lignification {unknown}
 r - 4 potions of agility {unknown}
 u - 2 potions of might
 v - 2 potions of flight {unknown}
 z - a potion of cancellation {unknown}
 M - a potion of degeneration {unknown}
Books
 B - a book of Cantrips

   Spells                             Type                      Level
   a - Confusing Touch                Hexes                        1
   b - Animate Skeleton               Necromancy                   1
   c - Summon Small Mammal            Summoning                    1
   d - Apportation                    Translocation                1
   Trog disapproves of the use of such an item.
 D - a book of Conjurations

   Spells                             Type                      Level
   a - Magic Dart                     Conjuration                  1
   b - Searing Ray                    Conjuration                  2
   c - Dazzling Spray                 Conjuration/Hexes            3
   d - Fulminant Prism                Conjuration/Hexes            4
   e - Iskenderun's Mystic Blast      Conjuration                  4
   f - Iskenderun's Battlesphere      Conjuration/Charms           5
   Trog disapproves of the use of such an item.
 L - a book of Debilitation

   Spells                             Type                      Level
   a - Corona                         Hexes                        1
   b - Slow                           Hexes                        2
   c - Gell's Gravitas                Hexes/Translocation          3
   d - Inner Flame                    Hexes/Fire                   3
   e - Cause Fear                     Hexes                        4
   f - Leda's Liquefaction            Hexes/Earth                  4
   Trog disapproves of the use of such an item.
Comestibles
 c - 6 bread rations
 l - 6 meat rations
 w - a beef jerky


   Skills:
 - Level 3.6 Fighting
 + Level 15.0 Axes
 - Level 2.4 Armour
 - Level 2.1 Dodging


You had 8 spell levels left.
You didn't know any spells.

Dungeon Overview and Level Annotations

Branches:
Dungeon (8/15)             Temple (0/1) D:5
   Lair: D:8-11

Altars:
Kikubaaqudgha
Uskayaw

Shops:
D:5 *


Innate Abilities, Weirdness & Mutations

You reflexively headbutt those who attack you in melee.
You have a pair of horns on your head.


Message History

You hit the hill giant.
The hill giant is moderately wounded.
You hit the centaur.
You kill the centaur!
Trog accepts your kill.
Your Axes skill increases to level 15!
The hill giant hits you with a giant club!
* * * LOW HITPOINT WARNING * * *
You slash the hill giant!
The hill giant is heavily wounded.
You slash the hill giant!
The hill giant is severely wounded.
You hit the centaur.
The centaur unwields an uncursed shortbow.
You block the centaur's attack.
You hit the hill giant. You headbutt the hill giant!
The hill giant is almost dead.
You hit the centaur.
The hill giant hits you with a giant club!!
You die...

#.#.###.....
#######.#.........
#.............)...
#.#####.###....###
#..(....# #....#.. #
#.......# #...)#.# #.
#.(.....# #....#.#
#.#(#####.# #.......
#..@# #.# ####....
##cC# #.# ##.._.
..... #.#####.....
#......# #...........
#......# #..##.....##
#..$...# #..##.....#
#....... ....##.<...#
#.......###.###.....#
#.# #..[..#


You could see a hill giant and a centaur.

Vanquished Creatures
  The ghost of sheala the Thaumaturge, a novice DECj of Vehumet (D:6)
  A hippogriff (D:6)
  A steam dragon (D:7)
  A sky beast (D:6)
  A phantom (D:5)
  3 ogres
  A crocodile (Sewer)
  4 centaurs
  2 bullfrogs
  2 scorpions
  5 killer bees (D:7)
  A howler monkey (D:4)
  2 crimson imps (D:6)
  2 bullfrog zombies (D:6)
  A hound (D:6)
  3 jellies
  Crazy Yiuf (D:4)
  A bullfrog skeleton (D:6)
  Jessica (D:3)
  4 orc wizards (D:4)
  A worker ant (D:6)
  3 gnolls (D:4)
  10 adders
  A river rat (D:6)
  2 shadow imps
  An ooze (D:4)
  2 adder zombies (D:6)
  4 worms
  4 leopard geckos
  17 orcs
  6 giant cockroaches
  4 goblins
  6 hobgoblins
  12 jackals
  3 quokkas
  A ball python (D:2)
  A bat (D:2)
  4 frilled lizards
  A jackal skeleton (D:4)
  10 kobolds
  12 rats
  3 plants (D:2)
146 creatures vanquished.

Vanquished Creatures (others)
  A plant (D:2)
1 creature vanquished.

Grand Total: 147 creatures vanquished

Notes
Turn   | Place    | Note
-------+----------+-------------------------------------------
     0 | D:1      | Naow the Minotaur Berserker began the quest for the Orb.
     0 | D:1      | Reached XP level 1. HP: 19/19 MP: 0/0
   119 | D:1      | Reached skill level 4 in Axes
   372 | D:1      | Reached XP level 2. HP: 4/26 MP: 1/1
  1250 | D:2      | Reached skill level 5 in Axes
  1378 | D:2      | Reached XP level 3. HP: 31/31 MP: 2/2
  1625 | D:2      | Found a hide-covered altar of Uskayaw.
  1639 | D:2      | Reached ** piety under Trog
  2089 | D:2      | Reached XP level 4. HP: 39/39 MP: 3/3
  2191 | D:3      | Reached skill level 6 in Axes
  2700 | D:3      | Noticed Jessica
  2704 | D:3      | Killed Jessica
  2704 | D:3      | Reached skill level 7 in Axes
  2704 | D:3      | Reached XP level 5. HP: 45/45 MP: 4/4
  3339 | D:4      | Noticed an ogre
  3344 | D:4      | Killed an ogre
  3344 | D:4      | Reached skill level 8 in Axes
  3344 | D:4      | Reached XP level 6. HP: 51/51 MP: 5/5
  3445 | D:4      | Reached *** piety under Trog
  3559 | D:4      | Reached skill level 9 in Axes
  3942 | D:4      | Reached XP level 7. HP: 55/57 MP: 6/6
  4051 | D:4      | Found a runed door.
  4186 | D:4      | Noticed Crazy Yiuf
  4190 | D:4      | Killed Crazy Yiuf
  4190 | D:4      | Reached skill level 10 in Axes
  4264 | D:5      | Entered Level 5 of the Dungeon
  4389 | D:5      | Found a staircase to the Ecumenical Temple.
  4581 | D:5      | Found Sisuy's Assorted Antiques.
  4747 | D:6      | Reached skill level 11 in Axes
  4748 | D:6      | Noticed sheala's ghost (novice DECj)
  4772 | D:6      | Killed sheala's ghost
  4772 | D:6      | Reached skill level 12 in Axes
  4772 | D:6      | Reached XP level 8. HP: 64/64 MP: 7/7
  4888 | D:6      | Received a gift from Trog
  4936 | D:6      | Noticed a hippogriff
  4947 | D:6      | Killed a hippogriff
  4947 | D:6      | Reached skill level 13 in Axes
  5258 | D:6      | Got a transparent cloak
  5269 | D:6      | Identified the +0 cloak "Tiepofa" {rElec Regen+ MP-9 SInv} (You found it on level 6 of the Dungeon)
  5301 | D:6      | Found a glowing drain.
  5305 | Sewer    | Entered a sewer
  5314 | Sewer    | Reached **** piety under Trog
  5755 | D:6      | Reached XP level 9. HP: 70/70 MP: 0/8
  5839 | D:6      | Got a translucent cloak
  5850 | D:6      | Identified the +2 cloak "Elocs" {rElec Str+3 Int+3} (You found it on level 6 of the Dungeon)
  5967 | D:7      | Reached skill level 14 in Axes
  6628 | D:8      | Found an ancient bone altar of Kikubaaqudgha.
  6663 | D:8      | Noticed a hill giant
  6678 | D:8      | Reached skill level 15 in Axes
  6681 | D:8      | Mangled by a hill giant

Skill      XL: |  1  2  3  4  5  6  7  8  9 |
---------------+----------------------------+-----
Axes           | 4 5 7 8 9 12 13 15 | 15.0
Fighting       | |  3.6
Armour         | |  2.4
Dodging        | |  2.1

Action                   |  1- 3 |  4- 6 |  7- 9 || total
-------------------------+-------+-------+-------++-------
Melee: Hand axe          |   149 |   134 |   227 ||   510
       Headbutt          |    35 |    23 |    35 ||    93
Invok: Berserk           |     1 |     3 |     6 ||    10
  Eat: Chunk             |     5 |     9 |    13 ||    27
Armor: Animal skin       |     5 |       |       ||     5
       Plate armour      |    25 |    67 |    92 ||   184
Dodge: Dodged            |    54 |    40 |    52 ||   146
Block: Other             |     1 |     4 |    16 ||    21
       Reflection        |       |       |     1 ||     1
